 Dungeon Crawl Stone Soup version 0.30-a0-672-gc3a7216ad8 (webtiles) character file.

Game seed: 4107462384538705223

1 Absynth the Sneak (level 1, 0/12 HPs)
             Began as a Kobold Brigand on Jan 18, 2023.
             Succumbed to a kobold's poison
             ... on level 1 of the Dungeon.
             The game lasted 00:00:33 (22 turns).

Absynth the Sneak (Kobold Brigand)                    Turns: 22, Time: 00:00:34

Health: 0/12       AC:  3    Str:  8    XL:     1   Next: 22%
Magic:  1/1        EV: 14    Int: 12    God:
Gold:   0          SH:  0    Dex: 16    Spells: 0/0 levels left

rFire   . . .      SeeInvis .    a - +2 dagger
rCold   . . .      Faith    .    (no shield)
rNeg    . . .      Spirit   .    b - +0 robe
rPois   .          Reflect  .    (no helmet)
rElec   .          Harm     .    c - +0 cloak
rCorr   .          Rampage  .    (no gloves)
Will    .....                    (no boots)
Stlth   ++++                     (no amulet)
HPRegen 0.22/turn                (no ring)
MPRegen 0.07/turn                (no ring)

@: lethally poisoned (0 -> -7)
A: small, no large weapons, nightstalker 3
a: no special abilities


You were on level 1 of the Dungeon.
You visited 1 branch of the dungeon, and saw 1 of its levels.

Inventory:

Hand Weapons
 a - a +2 dagger (weapon)
Missiles
 d - 9 poisoned darts (quivered)
 e - 3 curare-tipped darts
Armour
 b - a +0 robe (worn)
 c - a +0 cloak (worn)


   Skills:
 - Level 2.1 Fighting
 * Level 2.7 Short Blades
 - Level 2.1 Throwing
 + Level 1.2 Dodging
 * Level 5.3 Stealth


You couldn't memorise any spells.
You didn't know any spells.
Your spell library was empty.

Dungeon Overview and Level Annotations

Branches:
Dungeon (1/15)

Altars:


Innate Abilities, Weirdness & Mutations

You are small and have problems with some larger weapons.
You are completely attuned to the shadows.


Message History

Welcome, Absynth the Kobold Brigand.
The heart of this dungeon contains the fabled artefact, the Orb of Zot.
Press ? for a list of commands and other information.
Found a staircase leading out of the dungeon.
No target in view!
A kobold comes into view. It is wielding a +1 dagger of venom.
The kobold shouts!
You hear an angry hiss.
A frilled lizard comes into view.
The kobold misses you.
You closely miss the kobold. You closely miss the kobold.
The kobold misses you.
You hit the kobold.
The kobold is moderately wounded.
The frilled lizard completely misses you.
The kobold barely misses you.
You hit the kobold.
The kobold is severely wounded.
The frilled lizard barely misses you. The kobold barely misses you.
You closely miss the kobold.
The kobold is severely wounded.
The kobold hits you with a +1 dagger of venom.
You are lethally poisoned!
The frilled lizard misses you.
You hit the kobold.
You kill the kobold!
You feel very sick. The frilled lizard barely misses you.
* * * LOW HITPOINT WARNING * * *
You feel very sick. The frilled lizard bites you.
* * * LOW HITPOINT WARNING * * *
Things that are here:
a +1 dagger of venom; 2 stones; a kobold corpse You completely miss the frilled lizard.
You die...

....
....
....
###....
#.@l#
#...#
#...#
#...#
#...#
#...#
#.#.#
#.#.#
#...#


You could see a frilled lizard.

Vanquished Creatures
  A kobold (D:1)
1 creature vanquished.

Notes
Turn   | Place    | Note
-------+----------+-------------------------------------------
     0 | D:1      | Absynth the Kobold Brigand began the quest for the Orb.
     0 | D:1      | Reached XP level 1. HP: 12/12 MP: 1/1
    22 | D:1      | Succumbed to a kobold's poison

Illustrated notes

Levels and vault maps discovered:
D:1:      wheals_arrival_shading, layout_basic,
          hellmonk_ecumenical_altar_arch_garden

Action                   || total
-------------------------++-------
Melee: Dagger            ||     7
Dodge: Dodged            ||     8

Table legend: (Time is in decaauts)
 A = Elapsed time spent in this place.
 B = Non-inter-level travel time spent in this place.
 C = Inter-level travel time spent in this place.
 D = Time resting spent in this place.
 E = Time spent auto-exploring this place.
 F = Levels seen in this place.
 G = Mean time per level.
                   A        B        C        D        E       F      G
               +--------+--------+--------+--------+--------+-----+--------+
         Total |     21 |     21 |      0 |      0 |     12 |   1 |   21.0 |
       Dungeon |     21 |     21 |      0 |      0 |     12 |   1 |   21.0 |
               +--------+--------+--------+--------+--------+-----+--------+

Top non-repeatable levels by time:
     D:1: 21 daAuts
